 Dungeon Crawl Stone Soup version 0.23.2-1-ga50397a (webtiles) character file.

Game seed: 5014574489987125294

115 troglodite the Skirmisher (level 4, -8/37 HPs)
             Began as a Demonspawn Fighter on May 14, 2019.
             Killed from afar by an orc wizard (11 damage)
             ... with a puff of frost
             ... on level 3 of the Dungeon.
             The game lasted 00:05:21 (1748 turns).

troglodite the Skirmisher (Demonspawn Fighter)      Turns: 1748, Time: 00:05:22

Health: -8/37      AC:  6    Str: 16    XL:     4   Next: 68%
Magic:  4/4        EV:  7    Int: 10    God:
Gold:   114        SH:  9    Dex: 17    Spells: 3/3 levels left

rFire    . . .     SeeInvis .   a - +0 long sword
rCold    . . .     Gourm    .   c - +0 shield
rNeg     . . .     Faith    .   b - +0 scale mail
rPois    +         Spirit   .   (no helmet)
rElec    .         Reflect  .   (no cloak)
rCorr    .         Harm     .   (no gloves)
MR       .....                  (no boots)
Stlth    ++........             (no amulet)
HPRegen  0.12/turn              i - ring of flight
MPRegen  0.09/turn              k - ring of poison resistance

@: no status effects
A: thin skeletal structure 2
a: Evoke Flight


You were on level 3 of the Dungeon.
You were not hungry.

You visited 1 branch of the dungeon, and saw 3 of its levels.

You collected 114 gold pieces.

Inventory:

Hand Weapons
 a - a +0 long sword (weapon)
Armour
 b - a +0 scale mail (worn)
 c - a +0 shield (worn)
Jewellery
 i - a ring of flight (left hand)
 k - a ring of poison resistance (right hand)
Scrolls
 h - 3 scrolls of remove curse {unknown}
 j - a scroll of magic mapping {unknown}
 p - 2 scrolls of identify {unknown}
Potions
 d - a potion of might
 e - a potion of berserk rage {unknown}
 g - a potion of heal wounds {unknown}
 l - 2 potions of flight {unknown}
 m - 2 potions of curing {unknown}
 o - a potion of mutation {unknown}
Comestibles
 f - 3 rations
 n - 4 chunks of flesh


   Skills:
 * Level 3.7 Fighting
 + Level 2.3 Long Blades
 * Level 3.3 Armour
 + Level 0.7 Dodging
 * Level 1.1 Stealth
 * Level 3.3 Shields


You had 3 spell levels left.
You didn't know any spells.
Your spell library was empty.

Dungeon Overview and Level Annotations

Branches:
Dungeon (3/15)

Altars:
Gozag


Innate Abilities, Weirdness & Mutations

You have a moderately thin skeletal structure. (Dex +4, Stealth+)


Message History

The puff of frost hits you!
* * * LOW HITPOINT WARNING * * *
Something hits you.
* * * LOW HITPOINT WARNING * * *
Some of the chunks of flesh in your inventory have rotted away.
You miss something.
Something hits you but does no damage. x2
Unknown command.
You hit something but do no damage. You block something's attack.
Unknown command.
You miss something.
You hear some strange, mumbled words.
A magic dart appears from out of thin air!
The magic dart hits you.
* * * LOW HITPOINT WARNING * * *
Unknown command.
You miss something.
You hear some strange, mumbled words.
A puff of frost appears from out of thin air!
The puff of frost hits you!
You die...

##. #.. ## ##. #. ##
#.### # #...# #...#
####### #.{)# #......
#@# #.##### #.# ##.##
#.# #.####...# ##.##
........#
###...#######....#
######...........#.#.##
#
...........#####.._..#
# ######..#.##
##..#.#######
#..#.####.###.##.....


There were no monsters in sight!

Vanquished Creatures
  A howler monkey (D:2)
  3 gnolls (D:3)
  An ooze (D:2)
  A worm (D:2)
  2 orcs (D:3)
  8 bats
  8 goblins
  4 hobgoblins
  2 jackals (D:1)
  2 ball pythons (D:2)
  3 frilled lizards
  2 kobolds (D:1)
  4 rats
41 creatures vanquished.

Notes
Turn   | Place    | Note
-------+----------+-------------------------------------------
     0 | D:1      | troglodite the Demonspawn Fighter began the quest for the
                  | Orb.
     0 | D:1      | Reached XP level 1. HP: 18/18 MP: 1/1
   192 | D:1      | Gained mutation: You have a somewhat thin skeletal
                  | structure. (Dex +2, Stealth) [demonic ancestry]
   192 | D:1      | Reached XP level 2. HP: 24/24 MP: 2/2
   878 | D:2      | Found a faded altar of an unknown god.
  1029 | D:2      | Gained mutation: You have a moderately thin skeletal
                  | structure. (Dex +4, Stealth+) [demonic ancestry]
  1029 | D:2      | Reached XP level 3. HP: 25/29 MP: 3/3
  1167 | D:2      | Reached XP level 4. HP: 22/35 MP: 4/4
  1600 | D:3      | Found an opulent altar of Gozag.
  1616 | D:3      | Reached skill level 1 in Stealth
  1748 | D:3      | Killed from afar by an orc wizard

Skill      XL: |  1  2  3  4 |
---------------+-------------+-----
Long Blades    | 2 |  2.3
Shields        | 3 |  3.3
Armour         | 3 |  3.3
Stealth        | 1 |  1.1
Fighting       | |  3.7
Dodging        | |  0.7

Action                   |  1- 3 |  4- 6 || total
-------------------------+-------+-------++-------
Melee: Long sword        |    91 |    57 ||   148
  Eat: Chunk             |     1 |     2 ||     3
Armor: Scale mail        |    80 |    24 ||   104
Dodge: Dodged            |    35 |    16 ||    51
Block: Shield            |    74 |    29 ||   103
       Rpst.: Long sword |     6 |     5 ||    11
